 Dungeon Crawl Stone Soup version 0.29.1-12-g30fa7ad0bf (webtiles) character file.

Game seed: 13005007300217679409

168155 KittyFluff the Peltast (level 17, -7/109 HPs)
             Began as a Gargoyle Berserker on Dec 25, 2022.
             Was the Champion of Trog.
             Mangled by a sea snake (13 damage)
             ... on level 1 of the Shoals on Dec 26, 2022.
             The game lasted 03:46:10 (27823 turns).

KittyFluff the Peltast (Gargoyle Berserker)        Turns: 27823, Time: 03:46:13

Health: -7/109     AC:  0    Str: 26    XL:     17   Next: 64%
Magic:  0/17       EV: 17    Int:  9    God:    Trog [******]
Gold:   3655       SH:  0    Dex: 11    Spells: 16/16 levels left

rFire   . . .      SeeInvis +   (weapon currently unavailable)
rCold   . . .      Faith    .   (shield currently unavailable)
rNeg    + . .      Spirit   +   (body armour currently unavailable)
rPois   ∞          Reflect  .   (helmet currently unavailable)
rElec   .          Harm     .   (cloak currently unavailable)
rCorr   .          Rampage  .   (gloves currently unavailable)
Will    +++..                   (boots currently unavailable)
Stlth   ++........              u - amulet of Autumn {Spirit SInv}
HPRegen 1.28/turn               (ring currently unavailable)
MPRegen 0.15/turn               (ring currently unavailable)

@: pig-form, strong-willed, regenerating, very quick
A: fast, no casting, sickness immunity, AC +12, small, (big wings), negative
energy resistance 1, (electricity resistance), torment resistance 1,
petrification resistance
}: 1/15 runes: gossamer
a: Renounce Religion, Berserk, Trog's Hand, Brothers in Arms


You were on level 1 of the Shoals.
You worshipped Trog.
Trog was exalted by your worship.
You were a filthy swine.
You visited 6 branches of the dungeon, and saw 28 of its levels.
You also visited: Trove.

You collected 4204 gold pieces.
You spent 549 gold pieces at shops.

Inventory:

Hand Weapons
 a - the +9 flail of Symmetry (melded) {vamp, Str+5}
   (You found it on level 8 of the Dungeon)

   It occasionally heals its wielder for a portion of the damage dealt when it
   wounds a living foe.
   Str:       It affects your strength (+5).
 i - a +0 sling of flaming
 F - a +9 eveningstar of venom
 R - a +1 antimagic eveningstar
Missiles
 l - a curare-tipped dart
 n - 2 silver boomerangs
 s - 21 boomerangs (quivered)
 I - 6 javelins
Armour
 c - the +10 plate armour of Makhleb (melded) {Dex+3}
   (You found it on level 2 of the Spider Nest)

   Dex:       It affects your dexterity (+3).
 f - a +0 pair of boots (melded)
 h - a +2 pair of gloves (melded)
 k - the +2 helmet of the Alphagorgon (melded) {rF++ Str+5}
   (You found it on level 1 of the Lair of Beasts)

   Str:       It affects your strength (+5).
   rF:        It greatly protects you from fire.
 o - a +1 scale mail of positive energy
 z - a scarf of invisibility
 A - a +1 chain mail of cold resistance
 B - a +0 cloak (melded)
 Q - the +6 scale mail "Untuelyi" {rPois rF+ Int-3 Dex+6}
   (You found it on level 2 of the Lair of Beasts)

   Int:       It affects your intelligence (-3).
   Dex:       It affects your dexterity (+6).
   rF:        It protects you from fire.
   rPois:     It protects you from poison.
 X - the +10 tower shield of Ignorance (melded) {rN+ Int-4}
   (You acquired it on level 1 of the Lair of Beasts)

   Int:       It affects your intelligence (-4).
   rN:        It protects you from negative energy.
 Y - an orb of mayhem
Jewellery
 b - a ring of willpower
 t - the ring of Ygasug (melded) {rPois Will+ Str+6 Slay+3}
   (You found it in a treasure trove)

   [ring of strength]

   Str:       It affects your strength (+6).
   Slay:      It affects your accuracy & damage with ranged weapons and melee
   (+3).
   rPois:     It protects you from poison.
   Will:      It increases your willpower.
 u - the amulet of Autumn (around neck) {Spirit SInv}
   (You found it in a treasure trove)

   [amulet of guardian spirit]

   It causes incoming damage to be divided between your reserves of health and
   magic.
   SInv:      It lets you see invisible.
 x - a ring of protection from cold
 E - a +6 ring of dexterity (melded)
 W - the amulet "Equyn" {Spirit *Slow rPois rF+++ rCorr}
   (You found it on level 1 of the Lair of Beasts)

   [amulet of guardian spirit]

   It causes incoming damage to be divided between your reserves of health and
   magic.
   rF:        It renders you almost immune to fire.
   rPois:     It protects you from poison.
   rCorr:     It protects you from acid and corrosion.
   *Slow:     It may slow you when you take damage.
Wands
 y - a wand of flame (10)
 J - a wand of charming (24)
 K - a wand of mindburst (9)
 O - a wand of iceblast (12)
 T - a wand of quicksilver (12)
 Z - a wand of digging (6)
Scrolls
 d - 2 scrolls of summoning
 e - 5 scrolls of immolation
 g - 5 scrolls of enchant armour
 p - 7 scrolls of blinking
 r - 4 scrolls of poison
 v - a scroll of magic mapping
 w - 5 scrolls of silence
 G - 3 scrolls of torment
 L - 2 scrolls of enchant weapon
 M - 12 scrolls of teleportation
Potions
 j - 15 potions of curing
 m - a potion of berserk rage
 q - 2 potions of mutation
 D - a potion of resistance
 H - 5 potions of might
 N - 10 potions of ambrosia
 P - a potion of invisibility
 U - 10 potions of heal wounds
 V - 6 potions of haste
Miscellaneous
 C - a phial of floods
 S - a condenser vane


   Skills:
 + Level 13.2 Fighting
 + Level 15.8 Maces & Flails
 + Level 5.5 Ranged Weapons
 * Level 14.9 Armour
 + Level 8.7 Dodging
 + Level 3.5 Stealth
 * Level 19.0 Shields
 + Level 0.1 Evocations


You had 16 spell levels left.
You didn't know any spells.
Your spell library was empty.

Dungeon Overview and Level Annotations

Branches:
Dungeon (15/15)            Temple (0/1) D:6            Lair (5/5) D:10
 Shoals (1/4) Lair:3       Spider (4/4) Lair:2        Slime (0/5) Lair:5
    Orc (2/2) D:9             Elf (1/3) Orc:2        Vaults (0/5) D:13
 Depths (0/4) D:15

Altars:
Dithmenos
Nemelex Xobeh
Ru
Sif Muna
Trog
Vehumet
Wu Jian
Xom
Yredelemnul

Shops:
Orc:2 ::=?*

Annotations:
Shoals:1 Kirke
Elf:1 1 runed translucent door


Innate Abilities, Weirdness & Mutations

You are a filthy swine.
You move quickly.
Your equipment is almost entirely melded.
You are incapable of wielding weapons or throwing items.
You cannot cast spells.
You are immune to sickness and miasma.
((Your stone body is resilient. (AC +12)))
You are immune to poison.
((Your large and strong wings let you fly.))
You resist negative energy. (rN+)
((You are resistant to electric shocks. (rElec)))
You are resistant to unholy torment.
You are immune to petrification.


Message History

You bludgeon Kirke!!
Kirke is heavily wounded.
A hog comes into view.
You block the snapping turtle's attack. You block the sea snake's attack.
Kirke points at you and mumbles some strange words.
You turn into a filthy swine.
The +9 flail of Symmetry {vamp, Str+5} melds into your body.
Your +0 cloak melds into your body.
The +2 helmet of the Alphagorgon {rF++ Str+5} melds into your body.
Your +2 pair of gloves melds into your body.
Your +0 pair of boots melds into your body.
The +10 tower shield of Ignorance {rN+ Int-4} melds into your body.
The +10 plate armour of Makhleb {Dex+3} melds into your body.
The ring of Ygasug {rPois Will+ Str+6 Slay+3} melds into your body.
Your +6 ring of dexterity melds into your body.
You feel the dreadful sensation subside.
You feel weaker.
You feel clumsy.
The hog squeals angrily.
You hit the sea snake.
The sea snake is lightly wounded.
The snapping turtle barely misses you.
You barely miss the sea snake. Kirke hits you! The sea snake bites you!
You bite Kirke!
Kirke is heavily wounded.
The sea snake bites you!! The snapping turtle barely misses you.
Kirke mumbles some strange words.
Kirke summons a manticore!
You feel better. The sea snake completely misses you. The sea snake bites you!!
The snapping turtle bites you from afar!!
* * * LOW HITPOINT WARNING * * *
Kirke casts a spell at you.
You feel a momentary urge to oink.
Your skin crawls.
You feel strong-willed. The sea snake barely misses you.
The sea snake bites you!!
* * * LOW HITPOINT WARNING * * *
The snapping turtle bites you from afar.
* * * LOW HITPOINT WARNING * * *
Kirke completely misses you. The sea snake bites you!
You die...

....~~~... ......~.....~...~~.
~~~~ †.....~..........~ ~~~~
.....~~~~....~~~~~ ~~..~
....~~~.~..~~~~~. #.~~~~
>...~~~~.~~~~~~.##..~~~~~~≈≈≈≈~
...>~~~~~~~~~~~..th..~~~~~≈≈≈≈≈
...~~~~~~~~≈≈~~HSSh..~.~~~≈≈≈≈≈
.?~~~~~~~~~≈≈~..h@S.....~~≈≈~~~
~~~~~~~~~≈≈~~..###......~~~≈~~~
~~~~~~~~≈≈≈~...## ###..~~~~~~~
~~~~~~~~≈~~~~..!######†.~~~≈~~~~
~~~~~~≈≈~~~~~~...........~~≈≈≈≈≈
≈~~~≈≈≈≈~~~~~.~~).......~~~~~~~~
≈~~~≈≈≈≈≈≈≈~~~~~.......~~~~~~P~~
≈~.~≈≈≈≈≈≈≈~~~~......^)~~~~~..P.
≈..~≈≈≈~~~≈≈≈~~~~~..~.~~~~~~##..


You could see Kirke, 3 sea snakes, a snapping turtle, a manticore (summoned) and
2 hogs.

Vanquished Creatures
  Zenata (Elf:1)
  Asterion (Elf:1)
  2 emperor scorpions (Spider:4)
  An orc warlord (D:9)
  5 ghost moths
  3 spark wasps
  An entropy weaver (Spider:4)
  An ettin (D:15)
  A fire dragon (D:12)
  A merfolk impaler (Shoals:1)
  A radroach (Spider:3)
  5 hydras
  A catoblepas (Lair:4)
  5 boulder beetles
  2 centaur warriors
  3 two-headed ogres
  11 death yaks
  2 tengu warriors
  The ghost of Qocs the Destroyer, a journeyman DECj of Hepliaklqana (Lair:1)
  3 orc high priests (Orc:2)
  2 dancing weapons (Elf:1)
  4 deep elf knights (Elf:1)
  Amaemon (Lair:2)
  3 pharaoh ants
  A sun moth (Spider:1)
  5 skeletal warriors (D:14)
  2 steelbarb worms (Spider:2)
  3 deep trolls
  16 orb spiders
  A sea snake (Shoals:1)
  A deep elf zephyrmancer (Elf:1)
  A swamp dragon (shapeshifter) (D:12)
  3 wizards (D:15)
  7 orc knights
  9 deep elf pyromancers
  20 wolf spiders
  5 orc sorcerers
  3 fauns (Shoals:1)
  3 cyclopes
  3 manticores
  16 ugly things
  3 moths of wrath
  A guardian serpent (Lair:5)
  5 black mambas
  5 merfolk sirens
  2 water nymphs (Shoals:1)
  4 torpor snails
  11 cane toads
  A gargoyle (D:12)
  An unseen horror (D:13)
  An orange demon (Lair:3)
  6 demonic crawlers
  9 komodo dragons
  9 rime drakes
  A tengu conjurer (D:13)
  11 trolls
  A wind drake (Shoals:1)
  3 merfolk (Shoals:1)
  A troll (shapeshifter) (D:12)
  3 polar bears
  33 tarantellas
  A tarantella (shapeshifter) (D:12)
  8 hornets
  22 blink frogs
  16 culicivoras
  2 shadows
  A wraith (D:12)
  Sigmund (D:2)
  31 jumping spiders
  50 yaks
  14 wyverns
  7 humans
  7 basilisks
  53 redbacks
  2 hogs (Shoals:1)
  A fire elemental (Elf:1)
  10 vampire mosquitoes
  3 steam dragons
  3 acid dragons
  3 wargs
  24 water moccasins
  2 ice beasts
  30 orc warriors
  A black bear (D:6)
  A sky beast (D:8)
  4 ogres
  5 wolves (Lair:1)
  5 centaurs
  7 kobold brigands
  6 bullfrogs
  3 scorpions
  4 gnoll sergeants (D:9)
  3 necrophages
  3 electric eels
  3 howler monkeys (D:10)
  4 lava snakes (Lair:4)
  20 orc priests
  9 hounds
  3 jellies
  4 gnoll boudas
  22 orc wizards
  Ijyb (D:8)
  Terence (D:2)
  3 iguanas
  10 hell rats
  Natasha (thrice) (D:2)
  24 gnolls
  2 adders
  2 shadow imps
  3 white imps
  An ufetubus (D:6)
  2 worms
  3 dart slugs
  76 orcs
  7 bats
  5 endoplasms
  7 giant cockroaches
  8 goblins
  9 hobgoblins
  8 jackals
  24 kobolds
  6 quokkas
  7 ball pythons
  2 frilled lizards (D:2)
  5 rats
888 creatures vanquished.

Vanquished Creatures (others)
  Agnes (Spider:3)
  A tengu conjurer (D:13)
  2 tarantellas (Spider:3)
  A culicivora (Spider:3)
  An orc priest (Orc:2)
  2 orcs
  36 fungi
  75 plants
119 creatures vanquished.

Grand Total: 1007 creatures vanquished

Notes
Turn   | Place    | Note
-------+----------+-------------------------------------------
     0 | D:1      | KittyFluff the Gargoyle Berserker began the quest for the
                  | Orb.
     0 | D:1      | Reached XP level 1. HP: 14/14 MP: 1/1
    43 | D:1      | Found a faded altar of an unknown god.
   139 | D:1      | Reached XP level 2. HP: 18/19 MP: 2/2
   683 | D:1      | Reached XP level 3. HP: 17/24 MP: 3/3
   851 | D:1      | Reached ** piety under Trog
  1209 | D:2      | Identified the +1 ring mail of Knowledge {-Tele Int+5}
  1226 | D:2      | Noticed Terence
  1253 | D:2      | Killed Terence
  1254 | D:2      | Reached XP level 4. HP: 23/29 MP: 4/4
  1374 | D:2      | Noticed Sigmund
  1380 | D:2      | Killed Sigmund
  1381 | D:2      | Reached XP level 5. HP: 33/33 MP: 5/5
  1381 | D:2      | Reached XP level 6. HP: 38/38 MP: 6/6
  1503 | D:2      | Noticed Natasha
  1511 | D:2      | Killed Natasha
  1676 | D:2      | Noticed Natasha
  1684 | D:2      | Killed Natasha
  1748 | D:2      | Noticed Natasha
  1766 | D:2      | Killed Natasha
  2155 | D:3      | Found a bloodstained altar of Trog.
  2236 | D:3      | Reached *** piety under Trog
  2538 | D:3      | Reached skill level 5 in Maces & Flails
  2587 | D:4      | Reached XP level 7. HP: 38/44 MP: 7/7
  2907 | D:4      | Found a radiant altar of Vehumet.
  3290 | D:5      | Entered Level 5 of the Dungeon
  3503 | D:5      | Reached skill level 5 in Fighting
  3503 | D:5      | Reached XP level 8. HP: 49/49 MP: 8/8
  3570 | D:5      | Reached skill level 5 in Armour
  3584 | D:5      | Reached **** piety under Trog
  3645 | D:5      | Found a basalt altar of Yredelemnul.
  3677 | D:5      | Noticed a wyvern
  3690 | D:5      | Killed a wyvern
  4019 | D:6      | Found a staircase to the Ecumenical Temple.
  4087 | D:6      | Reached skill level 1 in Ranged Weapons
  4087 | D:6      | Reached XP level 9. HP: 54/54 MP: 9/9
  4425 | D:6      | Noticed a two-headed ogre
  4444 | D:6      | Killed a two-headed ogre
  4765 | D:7      | Reached skill level 5 in Dodging
  4912 | D:7      | Reached ***** piety under Trog
  5268 | D:7      | Found a shimmering altar of Xom.
  5284 | D:7      | Reached XP level 10. HP: 42/61 MP: 10/10
  5360 | D:7      | Found a sacrificial altar of Ru.
  5700 | D:8      | Reached skill level 10 in Maces & Flails
  5841 | D:8      | Found an ornate altar of the Wu Jian Council.
  5985 | D:8      | Noticed a two-headed ogre
  6000 | D:8      | Killed a two-headed ogre
  6154 | D:8      | Noticed Ijyb
  6225 | D:7      | Reached skill level 1 in Stealth
  6660 | D:8      | Identified the +9 flail of Symmetry {vamp, Str+5}
  6894 | D:8      | Reached XP level 11. HP: 67/67 MP: 11/11
  7035 | D:8      | Killed Ijyb
  7218 | D:9      | Found a staircase to the Orcish Mines.
  7398 | D:9      | Found a shimmering blue altar of Sif Muna.
  7492 | D:9      | Reached skill level 1 in Shields
  7996 | D:9      | Reached skill level 2 in Shields
  8164 | D:10     | Entered Level 10 of the Dungeon
  8364 | D:10     | Found a staircase to the Lair.
  9046 | Lair:1   | Entered Level 1 of the Lair of Beasts
  9152 | Lair:1   | Reached skill level 3 in Shields
  9158 | Lair:1   | Reached ****** piety under Trog
  9184 | Lair:1   | Reached XP level 12. HP: 63/75 MP: 12/12
  9212 | Lair:1   | Reached skill level 4 in Shields
  9248 | Lair:1   | Reached skill level 10 in Armour
  9606 | Lair:1   | Found a large runed translucent door.
  9607 | Lair:1   | Found a large runed translucent door.
  9608 | Lair:1   | Noticed Qocs's ghost (journeyman DECj)
  9731 | Lair:1   | Identified the +2 helmet of the Alphagorgon {rF++ Str+5}
  9905 | Lair:2   | Found a hole to the Spider Nest.
 10240 | Lair:2   | Identified the +6 scale mail "Untuelyi" {rPois rF+ Int-3
                  | Dex+6}
 10406 | Lair:2   | Reached skill level 5 in Shields
 10696 | Lair:3   | Noticed Amaemon
 10735 | Lair:2   | Killed Amaemon
 10798 | Lair:3   | Noticed a death yak
 10799 | Lair:3   | Noticed a death yak
 10806 | Lair:3   | Noticed a death yak
 10807 | Lair:3   | Noticed a death yak
 10807 | Lair:3   | Noticed a death yak
 10808 | Lair:3   | Noticed a death yak
 10827 | Lair:2   | Killed a death yak
 10831 | Lair:2   | Killed a death yak
 10886 | Lair:1   | Killed a death yak
 10892 | Lair:1   | Killed a death yak
 10893 | Lair:1   | Reached skill level 6 in Shields
 10933 | Lair:2   | Killed a death yak
 11047 | Lair:3   | Killed a death yak
 11236 | Lair:3   | Reached skill level 7 in Shields
 11243 | Lair:3   | Reached XP level 13. HP: 80/80 MP: 13/13
 11343 | Lair:3   | Found a staircase to the Shoals.
 11558 | Lair:3   | Received a gift from Trog
 11650 | Lair:3   | Reached skill level 8 in Shields
 12173 | Lair:4   | Reached skill level 10 in Fighting
 12393 | Lair:3   | Reached skill level 9 in Shields
 12573 | Lair:5   | Entered Level 5 of the Lair of Beasts
 12679 | Lair:5   | Received a gift from Trog
 12820 | Lair:5   | Reached skill level 10 in Shields
 12820 | Lair:5   | Gained mutation: Your large and strong wings let you fly.
                  | [Gargoyle growth]
 12820 | Lair:5   | Reached XP level 14. HP: 88/88 MP: 14/14
 13183 | Lair:5   | Reached skill level 11 in Shields
 13325 | Lair:5   | Found a staircase to the Slime Pits.
 14402 | D:11     | Identified the +9 long sword of Doek {protect, rC++}
 14835 | D:11     | Reached skill level 12 in Shields
 15751 | D:12     | Received a gift from Trog
 15833 | D:12     | Identified the +1 leather armour "Bamics" {Str+8 Dex-4
                  | Stlth-}
 16701 | D:13     | Found a gate to the Vaults.
 17394 | D:13     | Reached skill level 13 in Shields
 17643 | D:14     | Found a shadowy altar of Dithmenos.
 17676 | D:14     | Reached XP level 15. HP: 95/95 MP: 15/15
 18349 | D:14     | You are sucked into a shaft and drop 1 floor!
 18349 | D:15     | Entered Level 15 of the Dungeon
 18410 | D:15     | Identified the +4 dagger of the Land of Plenty {drain,
                  | Str+6}
 19196 | D:15     | Found a sparkling altar of Nemelex Xobeh.
 19251 | D:15     | Reached skill level 15 in Maces & Flails
 19297 | D:15     | Found a staircase to the Depths.
 19757 | Orc:1    | Entered Level 1 of the Orcish Mines
 19868 | Orc:1    | Noticed an orc warlord
 19897 | D:9      | Killed an orc warlord
 19898 | D:9      | Reached skill level 14 in Shields
 20019 | Orc:1    | Received a gift from Trog
 20108 | Orc:2    | Entered Level 2 of the Orcish Mines
 20962 | Orc:2    | Found Guarem's Assorted Antiques.
 20996 | Orc:2    | Bought a potion of heal wounds for 160 gold pieces
 21003 | Orc:2    | Found a staircase to the Elven Halls.
 21591 | Orc:2    | Received a gift from Trog
 21775 | Orc:2    | Found Fisej's Book Shoppe.
 21775 | Orc:2    | Found Jyitt's Book Shop.
 21777 | Orc:2    | Found Zuaf's Magic Scroll Shoppe.
 21777 | Orc:2    | Found Dograpye's Jewellery Shop.
 21799 | Orc:2    | Bought a scroll of enchant weapon for 112 gold pieces
 21799 | Orc:2    | Bought a scroll of brand weapon for 142 gold pieces
 21813 | Orc:2    | Bought a scroll of teleportation for 45 gold pieces
 21813 | Orc:2    | Bought a scroll of teleportation for 45 gold pieces
 21813 | Orc:2    | Bought a scroll of teleportation for 45 gold pieces
 21897 | Elf:1    | Entered Level 1 of the Elven Halls
 21954 | Elf:1    | Noticed Zenata
 21975 | Elf:1    | Killed Zenata
 22000 | Elf:1    | Reached skill level 15 in Shields
 22001 | Elf:1    | Noticed Asterion
 22005 | Elf:1    | Reached XP level 16. HP: 103/103 MP: 16/16
 22031 | Elf:1    | Found a portal to a secret trove of treasure.
 22093 | Elf:1    | You paid a toll of 5 scrolls of butterflies to enter a
                  | treasure trove
 22094 | Trove    | Entered a treasure trove
 22121 | Trove    | Identified the +0 tower shield of Hoturacw {rElec rPois
                  | Str-2}
 22122 | Trove    | Identified the ring of Ygasug {rPois Will+ Str+6 Slay+3}
 22124 | Trove    | Identified the amulet of Autumn {Spirit SInv}
 22295 | Elf:1    | Found a runed translucent door.
 22361 | Elf:1    | Noticed an Executioner
 22366 | Elf:1    | Killed Asterion
 22877 | Lair:1   | Killed Qocs's ghost
 22888 | Lair:1   | Identified the amulet "Equyn" {Spirit *Slow rPois rF+++
                  | rCorr}
 22992 | Lair:1   | Identified 2 scrolls of acquirement
 22992 | Lair:1   | Acquired 807 gold pieces
 22993 | Lair:1   | Acquired the +10 tower shield of Ignorance {rN+ Int-4}
 22993 | Lair:1   | Found the +10 tower shield of Ignorance {rN+ Int-4}
 23131 | Spider:1 | Entered Level 1 of the Spider Nest
 23432 | Spider:1 | Received a gift from Trog
 23513 | Spider:1 | Reached skill level 16 in Shields
 24213 | Spider:2 | Identified the +0 robe "Fobachua" {rElec rF+ Stlth+}
 24287 | Spider:2 | Identified the +10 plate armour of Makhleb {Dex+3}
 24519 | Spider:2 | Reached skill level 17 in Shields
 25119 | Spider:3 | Noticed Agnes
 25131 | Spider:3 | Killed Agnes
 25273 | Spider:3 | Reached XP level 17. HP: 108/108 MP: 17/17
 25299 | Spider:3 | Received a gift from Trog
 25572 | Spider:4 | Entered Level 4 of the Spider Nest
 25645 | Spider:3 | Reached skill level 18 in Shields
 25759 | Spider:4 | Reached skill level 5 in Ranged Weapons
 26519 | Spider:4 | Received a gift from Trog
 27085 | Spider:4 | Identified the +1 hat "Waotwoan" {Will+}
 27122 | Spider:4 | Got a gossamer rune of Zot
 27456 | Shoals:1 | Entered Level 1 of the Shoals
 27564 | Shoals:1 | Reached skill level 19 in Shields
 27810 | Shoals:1 | Noticed Kirke
 27823 | Shoals:1 | Mangled by a sea snake

Illustrated notes

Levels and vault maps discovered:
D:1:      minmay_arrival_three_doors, layout_basic, serial_forest,
          infiniplex_forest_end_double, infiniplex_forest_clump_small,
          infiniplex_forest_straight_4, infiniplex_forest_clump_diagonal,
          infiniplex_forest_clump_tiny, infiniplex_forest_clump_curved,
          shapermc_ecumenical_altar_rom_forum, minmay_misc_feat_hallway
D:2:      layout_rooms, kennysheep_generic_room_15, uniq_terence, uniq_sigmund,
          uniq_natasha
D:3:      layout_loops_ring, mainiacjoe_overflow_chevrons,
          grunt_decor_one_mirror, kennysheep_boxes
D:4:      layout_loops_ring, nicolae_vehumet_altar_sigil
D:5:      minmay_inner_zag, layout_basic, mainiacjoe_overflow_catwalk
D:6:      layout_loops_ring, minmay_temple_entry_sparse_star,
          chequers_serial_rivers_room_b, st_stairs_12
D:7:      layout_cave_pools, mainiacjoe_overflow_big_doors
D:8:      erik_cavepeople, layout_loops_corners, mainiacjoe_overflow_alcove_1
D:9:      layout_long_grid, mainiacjoe_overflow_boulevard,
          kennysheep_orc_monster_closet_entryway, nicolae_fountain_basement
D:10:     layout_stronghold, lair_entry_dummy, corexii_checkpoint_a,
          hangedman_decor_lopped
D:11:     layout_irregular_city
D:12:     dragon1_lemuel, layout_long_grid
D:13:     layout_irregular_city, david_vaults_2
D:14:     layout_loops_corners, nicolae_dithmenos_shadow_blocks
D:15:     hangedman_depths_entry_civil_slaughter, layout_irregular_city,
          nemelex_spade_bored_becter
Lair:1:   dreamdust_cave_troll, layout_cave_pods, ebering_ghost_disaster_area,
          minivault_25, minivault_25
Lair:2:   layout_small_grid, dummy_spider_entry, minmay_holes,
          grunt_megastairs_4
Lair:3:   layout_cave_shapes, elwin_shoals_entry_stream, uniq_amaemon
Lair:4:   layout_misc_corridors, special_room [special_room_mythical_zoo],
          dreamdust_mushroom_princess, nicolae_lair_liquid_snakes
Lair:5:   hangedman_lair_tendril_chambers, layout_long_grid, slime_entry_1,
          chequers_serial_rivers_large_a
Shoals:1: layout_shoals, nicolae_shoals_beach_house_on_fowls_legs,
          uniq_mlioglotl, uniq_kirke
Spider:1: layout_spider_delve, drop_trap
Spider:2: layout_spider_delve
Spider:3: layout_spider_delve, uniq_agnes
Spider:4: spider_rune_water
Orc:1:    layout_caves
Orc:2:    grunt_orc_tribal_feast, layout_caves, serial_shops, shop_fountains
Elf:1:    elf_arrival_001, layout_gridlike, hellmonk_ghost_happy_afterlife,
          special_room [special_room_orc], enter_trove_1, basic_altar,
          mu_enter_wizlab_5, orc_legates, uniq_zenata, uniq_asterion

Skill      XL: |  1  2  3  4  5  6  7  8  9 10 11 12 13 14 15 16 17 |
---------------+----------------------------------------------------+-----
Dodging        | 2 3 4 5 6 7 8 |  8.7
Fighting       | 4 5 6 7 8 9 10 11 12 13 | 13.2
Maces & Flails | 4 5 6 7 9 11 12 13 14 15 | 15.8
Armour         | 3 4 6 7 8 9 10 11 12 13 14 | 14.9
Ranged Weapons | 1 2 4 5 |  5.5
Stealth        | 1 2 3 |  3.5
Shields        | 3 7 10 13 15 17 19 | 19.0
Evocations     | |  0.1

Action                   |  1- 3 |  4- 6 |  7- 9 | 10-12 | 13-15 | 16-18 || total
-------------------------+-------+-------+-------+-------+-------+-------++-------
Melee: Mace              |   132 |   168 |   386 |   212 |       |       ||   898
       Punch             |     2 |     2 |     5 |     3 |       |       ||    12
       Flail             |       |       |       |   526 |  1517 |   815 ||  2858
       Eveningstar       |       |       |       |       |       |   118 ||   118
       Unarmed           |       |       |       |       |       |     3 ||     3
 Fire: Sling             |     2 |       |     3 |     7 |   195 |    93 ||   300
Invok: Berserk           |     1 |     2 |     5 |     5 |     2 |       ||    15
       Trog's Hand       |       |       |       |       |     1 |     1 ||     2
Evoke: Wand              |       |       |       |       |     2 |       ||     2
  Use: Scroll            |       |       |     5 |     6 |    13 |    13 ||    37
       Potion            |       |       |       |       |     1 |     1 ||     2
 Stab: Sleeping          |       |       |       |     1 |       |     1 ||     2
       Distracted        |       |       |       |       |     1 |       ||     1
Armor: Animal skin       |    52 |     1 |       |       |       |       ||    53
       Leather armour    |       |   104 |   162 |   130 |       |       ||   396
       Troll leather arm |       |       |       |   110 |       |       ||   110
       Scale mail        |       |       |       |    37 |   698 |   188 ||   923
       Plate armour      |       |       |       |       |       |   164 ||   164
Dodge: Dodged            |    75 |   133 |   207 |   344 |   795 |   271 ||  1825
Block: Buckler           |       |       |       |    85 |       |       ||    85
       Kite shield       |       |       |       |    48 |  1161 |    65 ||  1274
       Tower shield      |       |       |       |       |       |  1430 ||  1430
